AoeStats
← Herby

Arena

504626751Analyzed
1v1 RM · 26d ago on Sep 6, 2026· 21m 59s· 2 players
Game mode
Random Map
Map size
Tiny (2 player)
Population
200
Speed
Normal
Resources
Standard
Victory
Conquest
Starting age
Dark Age
Ending age
Imperial Age
RankedLock teamsTeams togetherTeam positionsShared explorationLock speedFull tech treeHidden civsTurbo modeCheats
Victory
Defeat
🇲🇽 Khmer · Mexico
1337
+16
🇺🇸 Bohemians · United States
1344
-16
Herby
7:41 Loom
10:02 Feudal Age
13:59 Castle Age
12:29 Double-Bit Axe
13:02 Gold Mining
15:03 Bow Saw
LMG_Leonardo
10:22 Feudal Age
11:32 Loom
14:20 Castle Age
13:28 Double-Bit Axe
16:07 Fervor
16:22 Sanctity
19:05 Redemption
20:06 Atonement
Connection lost

Rejoining the realm…

Still unreachable

The connection could not be restored.

Session expired

The server has moved on; the page needs a fresh start.